 Dungeon Crawl Stone Soup version 0.21.0 (webtiles) character file.

78 Hekarica the Shield-Bearer (level 4, -12/30 HPs)
             Began as a Mummy Fire Elementalist on May 24, 2018.
             Mangled by a hornet (16 damage)
             ... on level 2 of the Dungeon.
             The game lasted 00:08:07 (2040 turns).

Hekarica the Shield-Bearer (MuFE)                   Turns: 2040, Time: 00:08:07

Health: -12/30     AC:  5    Str: 11    XL:     4   Next: 15%
Magic:  4/8        EV: 11    Int: 15    God:
Gold:   117        SH:  7    Dex: 12    Spells: 7/8 levels left

rFire    x . .     SeeInvis .   a - +0 dagger
rCold    + . .     Gourm    .   c - +3 buckler
rNeg     + + +     Faith    .   j - +2 leather armour
rPois    ∞         Spirit   .   (no helmet)
rElec    .         Reflect  .   (no cloak)
rCorr    .         Harm     .   (no gloves)
MR       .....                  (no boots)
Stlth    ++........             (no amulet)
HPRegen  0.10/turn              (no ring)
MPRegen  0.11/turn              (no ring)

@: very slightly contaminated
A: no food or potions, fire vulnerability, cold resistance 1, negative energy
resistance 3, torment resistance, unbreathing
a: no special abilities


You were on level 2 of the Dungeon.
You were not hungry.

You visited 1 branch of the dungeon, and saw 3 of its levels.

You collected 117 gold pieces.

Inventory:

Hand Weapons
 a - a +0 dagger (weapon)
Armour
 c - a +3 buckler (worn)
 j - a +2 leather armour (worn)
Scrolls
 d - 5 scrolls of remove curse
 e - 3 scrolls of identify
 g - a scroll of blinking {unknown}
 h - a scroll of fog {unknown}
 k - a scroll of teleportation {unknown}
Books
 b - a book of Flames

   Spells                             Type                      Level
   a - Flame Tongue                   Conjuration/Fire             1
   b - Throw Flame                    Conjuration/Fire             2
   c - Conjure Flame                  Conjuration/Fire             3
   d - Inner Flame                    Hexes/Fire                   3
   e - Sticky Flame                   Conjuration/Fire             4
   f - Fireball                       Conjuration/Fire             5


   Skills:
 - Level 1.6 Dodging
 - Level 1.6 Stealth
 * Level 3.0 Shields
 - Level 2.7 Spellcasting
 - Level 0.8 Conjurations
 - Level 2.4 Fire Magic


You had 7 spell levels left.
You knew the following spells:

 Your Spells              Type           Power        Failure   Level  Hunger
a - Flame Tongue          Conj/Fire      #....        16%         1    N/A

Dungeon Overview and Level Annotations

Branches:
Dungeon (3/15)

Altars:
Uskayaw


Innate Abilities, Weirdness & Mutations

You do not eat or drink.
Your flesh is vulnerable to fire.
You are immune to poison.
Your flesh is cold resistant. (rC+)
You are immune to negative energy. (rN+++)
You are immune to unholy pain and torment.
You can survive without breathing.


Message History

Aim: a hornet The flame tongue hits the hornet.
The hornet appears unharmed.
The hornet closely misses you.
Casting: Flame Tongue
Confirm with . or Enter, or press ? or * to list all spells.
Aiming: Flame Tongue
Press: ? - help, Shift-Dir - straight line, f/p - hornet
Aim: a hornet The flame tongue hits the hornet.
The hornet appears unharmed.
The hornet stings you! x2
* * * LOW HITPOINT WARNING * * *
You block the hornet's attack.
You climb upwards.
There is a stone staircase leading down here.
You can't drink.
As you read the scroll labeled WOMEMEV JASCH, it crumbles to dust.
You hear a loud clanging noise!
It was a scroll of noise.
The hornet stings you!
Ouch! That really hurt!
You die...

#.###.# #.# #.# #.# #.# #.# #.#
#.# #.#### #.# #.#..# ##########
#.# #)#..# #........#
#######.###.#..### #........#
................@####........####
#######.###.#...y...'........'...
#.# #.#..#.####....!.(.#### #.#
#....#.# #........# #.# ###..#.#
#........# #.# #..#.# #........#
####'#####.##.# ##########
#.............#
####......###.####


You could see a hornet.

Vanquished Creatures
  An adder (D:2)
  3 worms (D:2)
  A dart slug (D:2)
  10 bats
  A giant cockroach (D:2)
  6 goblins
  13 hobgoblins
  2 jackals (D:2)
  5 kobolds
  5 frilled lizards
  5 rats
52 creatures vanquished.

Notes
Turn   | Place    | Note
-------+----------+-------------------------------------------
     0 | D:1      | Hekarica the Mummy Fire Elementalist began the quest for the Orb.
     0 | D:1      | Reached XP level 1. HP: 13/13 MP: 4/4
    68 | D:1      | Reached skill level 1 in Shields
    76 | D:1      | Reached XP level 2. HP: 16/19 MP: 2/5
   637 | D:1      | Reached skill level 2 in Shields
   654 | D:1      | Reached XP level 3. HP: 16/24 MP: 1/7
  1072 | D:2      | Found a hide-covered altar of Uskayaw.
  1681 | D:2      | Reached skill level 3 in Shields
  1681 | D:2      | Reached XP level 4. HP: 20/30 MP: 1/8
  2028 | D:3      | Noticed a hornet
  2040 | D:2      | Mangled by a hornet

Skill      XL: |  1  2  3 |
---------------+----------+-----
Shields        | 1 2 3 |  3.0
Dodging        | |  1.6
Stealth        | |  1.6
Spellcasting   | |  2.7
Conjurations   | |  0.8
Fire Magic     | |  2.4

Action                   |  1- 3 |  4- 6 || total
-------------------------+-------+-------++-------
Melee: Club              |    27 |       ||    27
       Unarmed           |     1 |       ||     1
       Dagger            |    79 |    14 ||    93
 Cast: Flame Tongue      |    64 |     3 ||    67
  Use: Scroll            |     2 |     6 ||     8
 Stab: Sleeping          |     1 |       ||     1
Armor: Robe              |    32 |       ||    32
       Leather armour    |     7 |       ||     7
Dodge: Dodged            |    93 |     4 ||    97
Block: Buckler           |    37 |     7 ||    44
